Cogmind - Beta 9.2 @@@ ROGUE MODE // 2019.11.26 @ 04:08:27 Player: Veon Result: Self-destructed Performance ------------- Evolutions (2) 1000 Regions Visited (3) 600 Robots Destroyed (37) 185 Value Destroyed (872) 872 Prototype IDs (2) 40 Alien Tech Used (0) 0 Bonus (0) 0 TOTAL SCORE: 2697 Bonus ------- None Cogmind --------- Core Integrity 401/550 Matter 2/300 Energy 100/100 System Corruption 1% Temperature Cool (0) Movement Core (550) Ox10 Location -8/Materials Parts ------- > --- POWER (1) -------- (None) > --- PROPULSION (4) --- (None) > --- UTILITY (3) ------ Large Storage Unit Large Storage Unit > --- WEAPON (3) ------- Mini Grenade Launcher > --- INVENTORY (16) --- Aluminum Leg Small Storage Unit Medium Storage Unit Medium Storage Unit Small Matter Pod (40) EM Pulse Gun Assault Rifle Assault Rifle Light Assault Rifle Gauss Rifle Peak State ------------ > --- POWER ------------ Light Ion Engine > --- PROPULSION ------- Aluminum Leg Aluminum Leg Carbon-fiber Leg Carbon-fiber Leg > --- UTILITY ---------- Large Storage Unit Large Storage Unit Improved Propulsion Shielding > --- WEAPON ----------- Heavy Assault Rifle Autogun Mini Grenade Launcher > --- INVENTORY -------- Aluminum Leg Small Storage Unit Medium Storage Unit Medium Storage Unit Small Matter Pod EM Pulse Gun Assault Rifle Light Assault Rifle Gauss Rifle [Rating: 21] Favorites ----------- Power Light Deuterium Engine Engine Light Deuterium Engine Propulsion Aluminum Leg Leg Aluminum Leg Wheel Wheel Utility Large Storage Unit Storage Large Storage Unit Protection Improved Propulsion Shielding Weapon Autogun Energy Gun EM Pulse Gun Ballistic Gun Autogun Launcher Mini Grenade Launcher Build | -11 -10 -9 -8 ------- Run | Scr Mat Mat Mat Slots Evolved 4 | . . 2 2 Power . | . . . . Propulsion 2 | . . 2 . Utility 1 | . . . 1 Weapon 1 | . . . 1 Parts Attached 40 | 6 2 25 7 Power 6 | 1 . 4 1 Engine 6 | 1 . 4 1 Core . | . . . . Reactor . | . . . . Propulsion 15 | 2 . 11 2 Treads . | . . . . Leg 10 | . . 8 2 Wheel 5 | 2 . 3 . Hover . | . . . . Flight . | . . . . Utility 8 | 1 2 4 1 Device . | . . . . Storage 7 | 1 2 4 . Processor . | . . . . Hackware . | . . . . Protection 1 | . . . 1 Artifact . | . . . . Weapon 11 | 2 . 6 3 Energy Gun 1 | 1 . . . Energy Cannon . | . . . . Ballistic Gun 8 | 1 . 5 2 Ballistic Cannon . | . . . . Launcher 2 | . . 1 1 Special Weapon . | . . . . Impact Weapon . | . . . . Slashing Weapon . | . . . . Piercing Weapon . | . . . . Special Melee Weapon . | . . . . Unidentified Prototypes . | . . . . Parts Lost 19 | . . 7 12 Power 5 | . . 3 2 Propulsion 9 | . . 4 5 Utility 1 | . . . 1 Weapon 4 | . . . 4 Highest Loss Streak 8 | . . 4 8 Average Slot Usage (%) 93 | . 94 94 88 Engine 10 | . 14 10 7 Leg 29 | . . 31 31 Wheel 8 | . 28 7 . Storage 21 | . 22 22 18 Ballistic Gun 21 | . 14 21 18 Naked Turns . | . . . . Heaviest Build 48 | 8 15 43 48 Greatest Support 50 | 20 20 40 50 Greatest Overweight (x) 1 | . . 1 1 Average Overweight (x) . | . . . . Largest Inventory Capacity 16 | 4 8 16 16 Average Capacity 12 | 4 6 13 16 Most Carried 16 | 4 7 16 12 Average Carried 10 | 3 5 11 9 Final Capacity 16 | 4 8 16 16 Final Carried 12 | 4 7 12 10 Class Distribution -------------------- 52% | Scavenger-Mutant 40% | Mutant 6% | Scavenger-Tank Dominant Class ---------------- Mutant | -10/Materials Scavenger-Mutant | -9/Materials Scavenger-Tank | -8/Materials Resources | -11 -10 -9 -8 ----------- Run | Scr Mat Mat Mat Matter Collected 1147 | 316 . 771 60 Remotely . | . . . . Salvage Created 1102 | 126 . 876 100 Parts 87 | 14 . 64 9 Haulers Intercepted 1 | . . 1 . Recyclers Shooed 2 | . . 2 . Parts Field Recycled . | . . . . Retrieved Matter . | . . . . Parts Self-Destructed . | . . . . Prevented . | . . . . Kills | -11 -10 -9 -8 ------- Run | Scr Mat Mat Mat Combat Hostiles Destroyed 24 | 1 . 21 2 Guns 23 | 1 . 21 1 AOE 1 | . . . 1 Classes Destroyed 9 | 3 . 4 2 Worker 1 | 1 . . . Builder 4 | . . . 4 Tunneler 3 | 3 . . . Hauler 1 | . . 1 . Watcher 4 | . . 4 . Swarmer 7 | . . 7 . Grunt 11 | 1 . 10 . Sentry 4 | . . 4 . Hunter 2 | . . . 2 Best Kill Streak 7 | 4 . 7 5 Combat Bots Only 7 | 1 . 7 1 Max Kills in Single Turn 2 | 1 . 2 2 Gunslinging 1 | . . 1 . Exploded 1 | . . . 1 Melee . | . . . . Uniques/NPCs Destroyed . | . . . . Combat | -11 -10 -9 -8 -------- Run | Scr Mat Mat Mat Damage Taken 2480 | 121 10 1247 1102 Core 401 | 34 . 218 149 Absorbed by Shields . | . . . . Core Remaining (%) 72 | 86 86 45 . Volleys Fired 129 | 16 . 93 20 Largest 3 | 2 . 2 3 Hottest 76 | 60 . 46 76 Shots Fired 260 | 32 . 186 42 Gun 252 | 32 . 186 34 Cannon . | . . . . Launcher 8 | . . . 8 Special . | . . . . Kinetic 236 | 16 . 186 34 Thermal . | . . . . Explosive 8 | . . . 8 Electromagnetic 16 | 16 . . . Robot Hit Streak 18 | 5 . 18 7 Robot Miss Streak 5 | 2 . 4 5 Penetration Max . | . . . . Secondary Targets 3 | . . 3 . Max Gunslinging Chain 1 | . . 1 . Shots Hit Robots 163 | 17 . 119 27 Core Hits 55 | 6 . 36 13 Critical Hits . | . . . . Critical Kills . | . . . . Critical Parts Destroyed . | . . . . Melee Attacks . | . . . . Impact . | . . . . Slashing . | . . . . Piercing . | . . . . Sneak Attacks . | . . . . Combat Hostiles . | . . . . Follow-up Attacks . | . . . . Damage Inflicted 2702 | 276 . 1757 669 Guns 2149 | 195 . 1741 213 Cannons . | . . . . Explosions 483 | 81 . . 402 Melee . | . . . . Ramming 70 | . . 16 54 Kinetic 2017 | 63 . 1741 213 Thermal 81 | 81 . . . Explosive 402 | . . . 402 Electromagnetic 132 | 132 . . . Impact . | . . . . Slashing . | . . . . Piercing . | . . . . Highest Corruption 1 | . . . 1 Average Corruption 1 | . . . 1 Corruption Purged . | . . . . Overload Shots . | . . . . Overflow Damage 46 | . . . 46 Projectiles . | . . . . Explosions 46 | . . . 46 Melee . | . . . . Knockbacks . | . . . . Impact . | . . . . Kinetic . | . . . . Secondary . | . . . . Self-Inflicted Damage 277 | 5 . 6 266 Shots 8 | 1 . . 7 Rammed 4 | . . 1 3 Targets Rammed 15 | . . 2 13 Kicked 11 | . . 1 10 Crushed . | . . . . Highest Temperature 78 | 78 . 22 32 Average Temperature 21 | 59 . 6 16 Received Heat Transfer 501 | 66 6 429 . Siege Activations . | . . . . Robots Corrupted . | . . . . Combat Hostiles . | . . . . Parts Fried . | . . . . Impact Corruptions . | . . . . Robots Melted . | . . . . Combat Hostiles . | . . . . Parts Melted . | . . . . Heat Transferred 50 | 50 . . . Parts Sabotaged . | . . . . Parts Stolen . | . . . . Parts Stripped . | . . . . Power Chain Reactions 2 | 2 . . . Missiles Intercepted . | . . . . Alert | -11 -10 -9 -8 ------- Run | Scr Mat Mat Mat Peak Influence 269 | 40 31 269 59 Average Influence 80 | 11 27 93 48 Maximum Alert Level 1 | . . 1 . Low Security (%) 95 | 100 100 94 100 Level 1 4 | . . 5 . Level 2 . | . . . . Level 3 . | . . . . Level 4 . | . . . . Level 5 . | . . . . High Security . | . . . . Max Security . | . . . . Squads Dispatched 4 | . . 3 1 Investigation 1 | . . 1 . Extermination . | . . . . Reinforcement 3 | . . 2 1 Assault . | . . . . Garrison . | . . . . Intercept . | . . . . Construction Impeded 1 | . . . 1 Haulers Reinforced . | . . . . Stealth | -11 -10 -9 -8 --------- Run | Scr Mat Mat Mat Distress Signals . | . . . . Communications Jammed . | . . . . Distress Signals . | . . . . Times Spotted 35 | 1 2 30 2 Peak Tracking Total 5 | 1 2 5 1 Tactical Retreats 2 | . . 2 . Traps | -11 -10 -9 -8 ------- Run | Scr Mat Mat Mat Traps Triggered . | . . . . Indirectly . | . . . . Trap Hack Attempts . | . . . . Triggered . | . . . . Disarmed . | . . . . Reprogrammed . | . . . . Reused . | . . . . Traps Extracted . | . . . . Installed . | . . . . Triggered . | . . . . Machines | -11 -10 -9 -8 ---------- Run | Scr Mat Mat Mat Machines Disabled 3 | . . 2 1 Max in Single Turn 1 | . . 1 1 Machines Sabotaged . | . . . . Garrisons Compromised . | . . . . Overloaded Fab Kills . | . . . . Fab Network Shutdowns . | . . . . Hacking | -11 -10 -9 -8 --------- Run | Scr Mat Mat Mat Machines Accessed 9 | . 3 6 . Terminals 7 | . 2 5 . Fabricators . | . . . . Repair Stations . | . . . . Recycling Units 1 | . 1 . . Scanalyzers 1 | . . 1 . Garrison Access . | . . . . Total Hacks 18 | . 4 14 . Successful 11 | . 4 7 . Failed 7 | . . 7 . Catastrophic 1 | . . 1 . Database Lockouts . | . . . . Manual . | . . . . Terminals 15 | . 3 12 . Fabricators . | . . . . Repair Stations . | . . . . Recycling Units 1 | . 1 . . Scanalyzers 2 | . . 2 . Garrison Access . | . . . . Terminal Hacks 8 | . 3 5 . Record 2 | . . 2 . Robot Analysis 1 | . 1 . . Prototype ID Bank 1 | . 1 . . Emergency Access Points 1 | . . 1 . Locate Traps 1 | . . 1 . Zone Layout 2 | . 1 1 . Fabricator Hacks . | . . . . Repair Station Hacks . | . . . . Recycling Unit Hacks 1 | . 1 . . Retrieve Components 1 | . 1 . . Scanalyzer 2 | . . 2 . Insert Component 1 | . . 1 . Analyze 1 | . . 1 . Garrison Access Hacks . | . . . . Unauthorized Hacks . | . . . . Terminals . | . . . . Fabricators . | . . . . Repair Stations . | . . . . Recycling Units . | . . . . Scanalyzers . | . . . . Garrison Access . | . . . . Data Cores Recovered . | . . . . Used . | . . . . Hacking Detections 4 | . . 4 . Full Trace Events 1 | . . 1 . Feedback Events . | . . . . Feedback Blocked . | . . . . Robot Schematics Acquired . | . . . . Robots Built . | . . . . Matter . | . . . . Time . | . . . . Total Robot Build Rating . | . . . . Part Schematics Acquired 1 | . . 1 . Parts Built . | . . . . Matter . | . . . . Time . | . . . . Total Part Build Rating . | . . . . Parts Repaired . | . . . . Time . | . . . . Parts Recycled . | . . . . Recycled Matter . | . . . . Retrieved Matter . | . . . . Retrieved Components 2 | . 2 . . Parts Scanalyzed 1 | . . 1 . Part Schematics Acquired 1 | . . 1 . Parts Damaged . | . . . . Bothacking | -11 -10 -9 -8 ------------ Run | Scr Mat Mat Mat Used RIF Installer . | . . . . Robots Hacked . | . . . . Non-combat . | . . . . Combat . | . . . . Robot Hacks Applied . | . . . . Relay Couplers Released . | . . . . Robots Rewired . | . . . . Allies Hacked . | . . . . Hacks Repelled . | . . . . Allies | -11 -10 -9 -8 -------- Run | Scr Mat Mat Mat Total Allies . | . . . . Largest Group . | . . . . Highest-Rated Group . | . . . . Highest-Rated Ally . | . . . . Total Orders . | . . . . Ally Attacks . | . . . . Total Damage . | . . . . Kills . | . . . . Allies Corrupted . | . . . . Allies Melted . | . . . . Intel | -11 -10 -9 -8 ------- Run | Scr Mat Mat Mat Robot Analysis Total 1 | . 1 . . Derelict Logs Recovered . | . . . . Drone Launches . | . . . . Drone Recoveries . | . . . . Exploration | -11 -10 -9 -8 ------------- Run | Scr Mat Mat Mat Turns Passed 2283 | 153 110 1809 211 Spaces Moved 1268 | 123 128 940 77 Core 59 | 59 . . . Treads . | . . . . Legs 862 | . . 785 77 Wheels 347 | 64 128 155 . Hover . | . . . . Flight . | . . . . Fastest Speed 50 | 50 80 80 120 Average Speed 117 | 65 80 128 132 Slowest Speed 150 | 80 80 150 150 Overloaded Moves . | . . . . Propulsion Burnouts . | . . . . Robots Hopped . | . . . . Cave-ins Triggered . | . . . . Exploration Rate (%) 22 | 7 28 48 7 Regions Visited 3 Branch Regions . Pre-discovered Areas . | . . . . Known Exits Taken . | . . . . Unknown Exits Taken 3 | 1 1 1 . Scrap Searched . | . . . . Spaces Dug . | . . . . Terrain Destroyed 52 | 5 . . 47 Melee . | . . . . Projectile . | . . . . AOE 52 | 5 . . 47 Actions | -11 -10 -9 -8 --------- Run | Scr Mat Mat Mat Total 1841 | 166 135 1391 149 Wait 324 | . . 296 28 Move 1265 | 122 127 939 77 Hop . | . . . . Pick Up 50 | 16 5 25 4 Fast Attach . | . . . . Attach 23 | 6 1 10 6 Detach . | . . . . Swap 17 | . 1 15 1 Drop 18 | 6 1 11 . Fire 129 | 16 . 93 20 Melee . | . . . . Ram . | . . . . Kick 15 | . . 2 13 Crush . | . . . . Escape Stasis . | . . . . Rewire . | . . . . Trap . | . . . . Miscellaneous . | . . . . Route ------- -11/Scrapyard -10/Materials -9/Materials (discovered 3 exits: [*Mat x2] / [*Min]) -8/Materials History --------- Turn | Location | Event 2 | -11/Scrapyard | Met Revision 17 85 | -11/Scrapyard | Discovered new exit (range 8) 154 | -11/Scrapyard | Entered Materials 259 | -10/Materials | Discovered new exit (range 7) 264 | -10/Materials | Entered another Materials area 264 | -9/Materials | Evolved 2 slots: Propulsion x2 310 | -9/Materials | Build established: Mutant 614 | -9/Materials | Lost 4 parts (1p3n) 619 | -9/Materials | Destroyed 7 combat bots 902 | -9/Materials | Build established: Scavenger-Mutant 909 | -9/Materials | Discovered new exit (range 4) 1470 | -9/Materials | Discovered new exit (range 13) 1612 | -9/Materials | Core integrity fell below 50% 1978 | -9/Materials | Discovered new exit (range 8) 2073 | -9/Materials | Entered another Materials area 2073 | -8/Materials | Evolved 2 slots: Utility x1, Weapon x1 2198 | -8/Materials | Lost 4 parts (1p1n2w) 2284 | -8/Materials | Self-destructed Last Messages --------------- K-01 Serf collects debris. U-05 Engineer lays Concrete. Carbon-fiber Leg destroyed. Destroyed Carbon-fiber Leg. Lgt. Ion Engine destroyed. Destroyed Lgt. Ion Engine. The unstable cave ceiling collapses. ALERT: Construction progress impeded, dispatching reinforcements to local area. U-05 Engineer lays Concrete. U-05 Engineer destroyed. The unstable cave ceiling collapses. U-05 Engineer lays Concrete. K-01 Serf collects debris. Penetrated by Slug. U-05 Engineer lays Concrete. H-55 Commando destroyed. U-05 Engineer destroyed. The unstable cave ceiling collapses. K-01 Serf collects debris. Map ----- +----------------------------------------------------+ | ?????????????????????????????????????????????????? | | ?????????????????????????????????????????????????? | | ?????????????????????????????????????????????????? | | ?????????????????????????????????????????????????? | | ?????????????????????????????????????????????????? | | ?????????????????????????????????????????????????? | | ?????????????????????????????????????????????????? | | ?????????????????????????????????????????????????? | | ???????????????????????? ????????????????????????? | | ????????????????????????T????????????????????????? | | ???????????????????????? ????????????????????????? | | ???????????????????????? ????????????????????????? | | ???????????????????????? ????????????????????????? | | ???????????????????????# ????????????????????????? | | ???????????????????????# #???????????????????????? | | ???????????????#?####??# #???????????????????????? | | ???????????### # # ###k#???????????????????????? | | ??????????? ###?????????????????????? | | ?????????? = # ##????????????????????? | | ?????????? % #????????????????????? | | ????????? ##???????????????????? | | ????????? #???????????????????? | | ????????? #???????????????????? | | ????????????????#### # #???????????????????? | | ???????????????????# ###??????????????????? | | ????????????????????# @ #??????????????????? | | ????????????????????# # #??????????????????? | | ????????????????????## |% #??????????????????? | | ?????????????????????### #??????????????????? | | ???????????????????????# k #??????????????????? | | ???????????????????????# [#??????????????????? | | ????????????+#############+################## ???? | | ??????????? ??? | | ??????????? ??? | | ??????????? ??? | | ????????????+#############+### ###########?????? | | ??????????????????????# # #???????????????? | | ??????????????????????# # #???????????????? | | ??????????????????????# # ################# | | ??????????????????????# # | | ??????????????????????# # | | ??????????????????????# # | | ??????????????????????############################ | | ?????????????????????????????????????????????????? | | ?????????????????????????????????????????????????? | | ?????????????????????????????????????????????????? | | ?????????????????????????????????????????????????? | | | | | | | +----------------------------------------------------+ Best States ------------- Heat Dissipation 31 Energy Generation 14 Energy Capacity 250 Matter Stores 350 Matter Capacity 350 Sight Range 16 Terrain Scan Density 10 Propulsion Shielding 66 Evasion (%) 50 Item Schematics ----------------- EM Pulse Gun | -9/Materials | Scanalyzed Robot Schematics ------------------ None Fabricated ------------ Nothing Alien Tech Used ----------------- None Achievements -------------- Oops Challenges ------------ None Game ------ Seed MappingRecyclingScythe Manual? 0 Play Time 00:28:14 Cumulative 2.7 hours Start 2019.11.26 @ 03:38:08 End 2019.11.26 @ 04:08:27 Sessions 1 Manual Loads 0 Difficulty Rogue Special Mode None Game No. 2 Rogue 2 Adventurer 0 Explorer 0 Win Type - Total 0 Types 0/0/0/0/0/0/0 Lore% 1 Gallery% 5 Achievement% 7 Wizard Run 0 Options --------- ASCII 0 Keyboard 0 Movement Numpad Keybinds 0 Fullscreen 1 Font 24/Terminus Map View 76x50 Tactical HUD 0 Map Filters NONE Filters NONE Steam 1 RUN: ace449c5-74ac-47fb-a990-7d051aab4ec6